Map: Ulrena

Players

Nerchio - Winner!

  • Race: Zerg Zerg
  • League: Grandmaster

FireCake

  • Race: Zerg Zerg
  • League: Master

Event: Gauntlet Monday Night

VOD

Have the link to the VOD?

Description

Time

  • Played on: Jan. 4, 2016, 2:16 p.m.
  • Length: 5:10

All games in this series

Show
View Real Time Build Order
Export as new Build Order

Nerchio Zerg - Winner!

Build Orders: Pool Only, Zergling Baneling 

Get SALT Encoding   

  12  0:01  Drone  
  13  0:09  Drone  
  14  0:15  Extractor  
  14  0:16  Drone  
  14  0:31  Spawning Pool  
  13  0:36  Drone  
  13  0:42  Extractor  
  13  0:44  Drone  
  15  0:53  Overlord  
  18  1:18  Zergling x6  
  18  1:20  Metabolic Boost  
  18  1:28  Queen  
  18  1:32  Zergling x2  
  21  1:42  Baneling Nest  
  20  1:47  Zergling x2  
  21  1:55  Overlord  
  21  2:02  Zergling x2  
  22  2:15  Zergling x2  
  20  2:23  Zergling x2  
  20  2:35  Zergling x2  
  22  2:37  Zergling x6  
  24  2:44  Baneling  
  24  2:45  Baneling x3  
  24  2:47  Zergling x2  
  25  2:57  Baneling x4  
  25  3:00  Zergling x2  
  23  3:13  Zergling x2  
  23  3:18  Zergling x6  
  25  3:23  Zergling x2  
  25  3:31  Zergling x2  
  24  3:41  Baneling  
  24  3:42  Baneling  
  24  3:44  Zergling x2  
  24  3:52  Baneling x2  
  24  3:53  Baneling x2  
  24  3:54  Zergling x2  
  25  4:07  Zergling x2  
  25  4:08  Zergling x4  
  25  4:13  Baneling  
  25  4:14  Baneling  
  25  4:16  Zergling x2  
  24  4:20  Zergling x2  
  24  4:30  Zergling x2  
  24  4:37  Baneling x2  
  23  4:43  Zergling x2  
  23  4:47  Zergling x4  
  23  4:49  Baneling  
  23  4:51  Baneling  
Show
View Real Time Build Order
Export as new Build Order

FireCake Zerg 

Build Orders: Pool First 

Get SALT Encoding   

  12  0:01  Drone  
  13  0:09  Drone  
  14  0:17  Overlord  
  14  0:22  Extractor  
  14  0:23  Drone  
  16  0:35  Drone  
  16  0:36  Drone  
  17  0:45  Spawning Pool  
  17  0:48  Drone  
  17  0:55  Drone  
  17  0:56  Extractor  
  17  1:05  Drone  
  18  1:18  Hatchery  
  17  1:32  Queen  
  17  1:33  Zergling x2  
  17  1:36  Zergling x2  
  17  1:39  Zergling x2  
  22  1:49  Overlord  
  22  1:57  Metabolic Boost  
  22  2:11  Queen  
  22  2:14  Zergling x2  
  24  2:25  Zergling x4  
  26  2:39  Zergling x4  
  26  2:50  Baneling Nest, Zergling x6  
  28  2:58  Zergling x4  
  24  3:14  Zergling x8  
  19  3:28  Zergling x6  
  18  3:43  Zergling x6  
  18  3:46  Baneling  
  18  3:47  Baneling  
  21  3:52  Baneling  
  21  3:56  Zergling x2  
  22  4:09  Zergling x6  
  19  4:13  Zergling x2  
  18  4:17  Zergling x2  
  16  4:24  Zergling x2  
  11  4:39  Baneling x2  
  10  4:47  Drone  
Tags
 
Add a new tag
Caveats
  • Supply blocks, unpowered buildings, or Contaminate may cause inaccurate times.
  • Supply counts are checked every 10 seconds.